[Event "Late-Titled-Tuesday-Blitz-March-05-2024"]
[Site "Chess.com"]
[Date "2024.03.05"]
[Round "1"]
[White "Polish_fighter3000"]
[Black "guillembaches"]
[Result "1-0"]
[WhiteElo "3105"]
[BlackElo "2529"]
[TimeControl "180+1"]
[EndTime "14:08:32 PST"]
[Termination "Polish_fighter3000 won on time"]

1. e4 d5 2. exd5 Qxd5 3. Nc3 Qa5 4. Nf3 Nf6 5. d4 Bf5 6. Ne5 c6 7. g4 Be6 8. Bd3 Nbd7 9. Nxd7 Bxd7 10. Rg1 e6 11.
Bd2 Nd5 12. Qe2 Bb4 13. Ne4 Bxd2+ 14. Nxd2 Nf4 15. Qe3 Nxd3+ 16. Qxd3 c5 17. dxc5 O-O-O 18. Qe3 Bb5 19. a3 Rd5 20. b4 Qa4 21. c4 Rxd2 22.
Qxd2 Bxc4 23. Rg3 Rd8 24. Qc3 Ba6 25. Rg1 Qb5 26. Qf3 Rd3 27. Qe2 Qc4 28. Rd1 Qc3+ 29. Rd2 Qc1+ 30. Qd1 Qc3 31. f3 Qe5+ 32. Kf2 Qe3+ 33.
Kg3 Rxd2 34. Qe1 Qxe1+ 35. Rxe1 Rd3 36. a4 Bc4 37. Re4 Bd5 38. Rf4 f6 39. h4 Kd7 40.
g5 f5 41. h5 g6 42. hxg6 hxg6 43. Kf2 a6 44. Ke2 Ra3 45. b5 axb5 46. axb5 Rb3 47. Rh4 Rxb5 48. Rh6 Kc6 49. Rxg6 Rb3 50. f4 Rg3 51.
Rg8 Kxc5 52. Kf2 Rg4 53. Ke3 Kc4 54. Rc8+ Kb5 55. Rc1 Rg3+ 56. Kd4 Kb6 57. Rb1+ Kc7 58. Ke5 Kd7 59. Kf6 e5 60. Kxe5 Bf7 61. Kxf5 1-0

[Event "Late-Titled-Tuesday-Blitz-March-05-2024"]
[Site "Chess.com"]
[Date "2024.03.05"]
[Round "1"]
[White "KNVB"]
[Black "Inepton_Fermion"]
[Result "1-0"]
[WhiteElo "2805"]
[BlackElo "2472"]
[TimeControl "180+1"]
[EndTime "14:08:32 PST"]
[Termination "KNVB won on time"]

1. d4 Nf6 2. Bf4 e6 3. e3 h6 4. Nf3 Nh5 5. Nc3 d6 6. Qd2 Nd7 7. O-O-O g6 8. h4 Nxf4 9. exf4 Bg7 10. h5 gxh5 11. f5 e5 12. Rxh5 Nf6 13. Rh4 Bxf5 14. dxe5 dxe5 15. Qxd8+ Rxd8 16. Rxd8+ Kxd8 17. Nxe5 Ke7 18. Bc4 Rf8 19. Rf4 Bh7 20. a3 c6 21. Ng4 h5 22.
Nxf6 Bh6 23. Nxh5 Bg6 24. Bd3 Bxh5 25. g3 Rh8 26. Kd2 Bxf4+ 27. gxf4 Bg6 28. f5 Bh5 29. Ne4 f6 30. Ke3 Bd1 31. Kd2 Bg4 32. Nc5 b6 33. Ne6 c5 34. Ke3 Rh3+ 35. Kf4 Bd1 36. Be4 Rh2 37.
Kg3 Rh8 38. Nc7 Rg8+ 39. Kf4 Rd8 40. Nd5+ Kf7 41. c3 Bb3 42. Nc7 Rd2 43. Nb5 Rxf2+ 44. Ke3 Rxb2 45. Nxa7 Bc4 46. Nc8 Kf8 47. Nd6 Bf7 48. Kd3 Rb3 49. a4 Ra3 50. Bc6 Bb3 51.
Nc8 Bxa4 52. Bxa4 Rxa4 53. Nxb6 Ra1 54. Nd7+ Ke7 55. Nxc5 Rd1+ 56. Kc4 Rg1 57. Kd5 Rd1+ 58. Kc6 Rf1 59. c4 Rxf5 60. Nb7 Rf1 61. c5 f5 62. Nd6 f4 63. Kd5 Kf6 64. c6 Kg5 65. c7 Rd1+ 66.
Kc5 Rc1+ 67. Nc4 f3 68. c8=Q 1-0

[Event "Late-Titled-Tuesday-Blitz-March-05-2024"]
[Site "Chess.com"]
[Date "2024.03.05"]
[Round "1"]
[White "Vegan4future"]
[Black "Byniolus"]
[Result "1/2-1/2"]
[WhiteElo "2475"]
[BlackElo "2788"]
[TimeControl "180+1"]
[EndTime "14:08:41 PST"]
[Termination "Game drawn by repetition"]

1. e4 d6 2. d4 Nf6 3. Nc3 c6 4. a4 a5 5. Nf3 Bg4 6. Be2 e6 7. O-O Be7 8. h3 Bh5 9. Be3 d5 10. e5 Nfd7 11. g4 Bg6 12. Qd2 c5 13. Nb5 cxd4 14.
Bxd4 Nc6 15. c3 O-O 16. Rfe1 f5 17. g5 f4 18. h4 h6 19. gxh6 gxh6 20. Kg2 Kh8 21. Rh1 Rg8 22. Kf1 Rf8 23. h5 Be4 24. Rg1 Nc5 25. Nh2 Nb3 26. Qe1 Nxa1 27. Qxa1 f3 28. Bd1 Bg5 29. Nd6 Nxd4 30. cxd4 Bd3+ 31. Ke1 Qb6 32. Qa3 Qxd4 33. Nxf3 Rxf3 34. Bxf3 Rf8 35. Rg3 Ba6 36. Ne4 Rxf3 37. Rxf3 Qxe4+ 38. Re3 Qb4+ 39. Qxb4 axb4 40. Rb3 Be7 41. Rf3 Kg7 42.
b3 b6 43. Kd2 Bc8 44. Rg3+ Kf7 45. Ke3 Bd7 46. f4 Bc5+ 47. Kd3 Be8 48. Rg6 Bf8 49. Rf6+ Ke7 50. f5 exf5 51. Rxf5 Bd7 52. Rf1 Bg4 53. Kd4 Bxh5 54. Kxd5 Bf7+ 55. Kc6 Bxb3 56. Kxb6 Bxa4 57.
Ka5 Bd7 58. Kxb4 Be6 59. Kc5 h5 60. Kd4 Bg4 61. Ke4 Bg7 62. Kf4 Ke6 63. Re1 Bh6+ 64. Kg3 Bd2 65. Ra1 Kxe5 66. Kh4 Be3 67. Ra5+ Kf4 68.
Ra4+ Kf3 69. Ra3 Ke2 70. Ra5 Bf2+ 71. Kg5 Kf3 72. Ra3+ Be3+ 73. Kh4 Kf4 74. Ra4+ Kf3 75. Ra3 1/2-1/2

[Event "Late-Titled-Tuesday-Blitz-March-05-2024"]
[Site "Chess.com"]
[Date "2024.03.05"]
[Round "1"]
[White "TheBigBoss04"]
[Black "giomar27"]
[Result "1/2-1/2"]
[WhiteElo "2680"]
[BlackElo "2408"]
[TimeControl "180+1"]
[EndTime "14:08:43 PST"]
[Termination "Game drawn by repetition"]

1. e4 e5 2. Nf3 Nc6 3. Nc3 Nf6 4. a4 a6 5. d4 exd4 6. Nxd4 Bb4 7. Nxc6 bxc6 8.
Bd3 d5 9. exd5 O-O 10. O-O cxd5 11. h3 Bb7 12. Bg5 Be7 13. Re1 c5 14. Qf3 Rb8 15. Qf5 g6 16. Qe5 Re8 17. Bf4 Nd7 18. Qc7 Qxc7 19.
Bxc7 Rbc8 20. Bf4 Bf6 21. Bf1 d4 22. Ne2 Ne5 23. b3 d3 24. Nc3 Nf3+ 25. gxf3 Bxc3 26. Rxe8+ Rxe8 27. Rd1 d2 28. Rxd2 Bxd2 29. Bxd2 Rd8 30. Be3 Rd1 31. Kg2 Rd5 32. Bc4 Rf5 33. Be2 Kf8 34.
Kg3 Ke7 35. f4 h5 36. Bd3 Rd5 37. Be4 Rd7 38. Bxc5+ Ke6 39. Bd3 Rc7 40. Bd4 f5 41. h4 Rd7 42. Be5 Be4 43. Bc4+ Bd5 44. Bxa6 Be4 45. Bc4+ Bd5 46. Bb5 Rb7 47. c4 Be4 48. a5 Ra7 49. f3 Bb7 50. b4 Ba6 51.
Bxa6 Rxa6 52. Bc7 Rc6 53. Bb6 Rxc4 54. b5 Rc8 55. a6 Kd5 56. Bf2 Ra8 57. a7 Kd6 58. b6 Kc6 59. Bd4 Kb7 60. Kf2 Re8 61.
Bc5 Rc8 62. Be3 Rc2+ 63. Ke1 Rh2 64. Bf2 Rh1+ 65. Ke2 Rb1 66. Kd3 Rb3+ 67. Ke2 Rb2+ 68. Ke1 Rb1+ 69. Ke2 Rb2+ 70. Kf1 Rb3 71. Kg2 Rb2 72. Kg1 Rb1+ 73. Kg2 Rb2 74. Kf1 Rb1+ 75. Ke2 Rb2+ 1/2-1/2

[Event "Late-Titled-Tuesday-Blitz-March-05-2024"]
[Site "Chess.com"]
[Date "2024.03.05"]
[Round "1"]
[White "prochn"]
[Black "GaiozNigalidze"]
[Result "1-0"]
[WhiteElo "2483"]
[BlackElo "2679"]
[TimeControl "180+1"]
[EndTime "14:08:48 PST"]
[Termination "prochn won on time"]

1. d4 g6 2. c4 Bg7 3. g3 a6 4. Bg2 d6 5. Nf3 Nd7 6. O-O e5 7. d5 Ne7 8. Nc3 O-O 9. Rb1 a5 10. a3 h6 11. b4 f5 12. e4 Nf6 13. Qc2 g5 14. c5 axb4 15. axb4 f4 16. cxd6 cxd6 17.
Ne1 Bd7 18. b5 Qb6 19. Qb3 Ng6 20. Nd3 h5 21. Bd2 h4 22. Na4 Qd4 23. Ra1 fxg3 24. Be3 Qxa1 25. Rxa1 h3 26. Bf3 g4 27. Be2 gxh2+ 28. Kxh2 Nxe4 29. Rc1 Rf7 30. Nb6 Raf8 31. Nxd7 Rxd7 32. Qc4 Nf6 33. Bxg4 Nxg4+ 34. Qxg4 Rdf7 35.
Rg1 Rf6 36. Bg5 Rf5 37. Be7 R8f7 38. Qxg6 e4 39. Bd8 exd3 40. Kxh3 d2 41. Bg5 Rxf2 42.
Bxd2 Rxd2 43. Qxd6 Rdf2 44. Qe6 Rf3+ 45. Rg3 Rf6 46.
Qe8+ Rf8 47. Qe7 R8f7 48. Qe8+ Rf8 49. Qe4 R8f7 50. Qg4 Rh6+ 51. Kg2 Rhf6 52. Qg5 Kf8 53. Qe3 Bh6 54. Qc5+ Re7 55. Qc8+ Re8 56. Qd7 Re7 57. Qc8+ Re8 58. Qxb7 Rf7 59. Qc6 Bg7 60. d6 Rf6 61. Rf3 Rxf3 62. Kxf3 Bf6 63. b6 Rd8 64. b7 Kf7 65. Qc7+ Ke6 66. Qxd8 Bxd8 67. b8=Q 1-0

[Event "Late-Titled-Tuesday-Blitz-March-05-2024"]
[Site "Chess.com"]
[Date "2024.03.05"]
[Round "1"]
[White "Jesseinkman"]
[Black "js20000"]
[Result "1/2-1/2"]
[WhiteElo "2471"]
[BlackElo "2785"]
[TimeControl "180+1"]
[EndTime "14:09:02 PST"]
[Termination "Game drawn by stalemate"]

1. e4 c6 2. d4 d5 3. exd5 cxd5 4. Bd3 Nc6 5. c3 Nf6 6. Bf4 Bg4 7. Qb3 e5 8. dxe5 Nh5 9. Be3 Nxe5 10. Bb5+ Nc6 11. Qa4 Bd7 12. Nf3 Bd6 13. Nd4 a6 14. Nxc6 axb5 15.
Nxd8 bxa4 16. Nxb7 Be7 17. Nc5 Bb5 18. Na3 Bc6 19.
O-O O-O 20. Nc2 Nf6 21. Nb4 Bb5 22. Rfd1 Rfc8 23. Ncd3 a3 24. bxa3 Rxc3 25. Nf4 Rcxa3 26. Nbxd5 Bd8 27. Nxf6+ Bxf6 28. Bd4 Bg5 29. Be3 h6 30.
Nd5 Bd8 31. Bc5 Rxa2 32. Rxa2 Rxa2 33. Nc3 Rc2 34. Rxd8+ Kh7 35. Be3 Rxc3 36. Rd1 g5 37.
Rc1 Rb3 38. h3 Kg6 39. Rc5 f5 40. Bd4 f4 41. Re5 Bc4 42. Rc5 Bb5 43. Re5 Bd7 44. Rd5 Be6 45. Rd6 Kf5 46. Bg7 Rb1+ 47. Kh2 h5 48. f3 Rc1 49. Rb6 Rc2 50. Rb5+ Kg6 51. Bf8 Bc4 52. Rc5 Kf6 53. Bd6 Ke6 54. Bc7 Kd7 55.
Bb8 Ke6 56. Bc7 Kf6 57. Bd8+ Ke6 58. Bxg5 Kd6 59. Rc8 Kd7 60. Rc5 Kd6 61. Rc8 Ke5 62.
Rc5+ Kd4 63. Rc8 Ra2 64. Bxf4 Bd5 65. Rd8 Kc4 66. Rc8+ Kd3 67. Rd8 Kc4 68. Rc8+ Kd3 69. Re8 Kd4 70. Re1 Bxf3 71. Be5+ Kd5 72. Re3 Rxg2+ 73.
Kh1 Rg3+ 74. Kh2 Rg2+ 75. Kh1 Be4 76. Rxe4 Kxe4 77. Kxg2 Kxe5 78. Kg3 Kf5 79. h4 Kg6 80. Kh3 Kf5 81. Kh2 Ke4 82. Kg2 Kf4 83. Kg1 Kg4 84. Kh1 Kxh4 85. Kg1 Kg3 86. Kh1 h4 87. Kg1 h3 88. Kh1 h2 1/2-1/2

[Event "Late-Titled-Tuesday-Blitz-March-05-2024"]
[Site "Chess.com"]
[Date "2024.03.05"]
[Round "1"]
[White "GMBenjaminBok"]
[Black "AjedrezenMadrid"]
[Result "1/2-1/2"]
[WhiteElo "2972"]
[BlackElo "2526"]
[TimeControl "180+1"]
[EndTime "14:09:18 PST"]
[Termination "Game drawn by repetition"]

1. d4 Nf6 2. c4 e6 3. Nc3 Bb4 4.
Qc2 c5 5. dxc5 O-O 6. a3 Bxc5 7.
Nf3 b6 8. Bf4 Bb7 9. Rd1 Nh5 10.
Bc1 Nf6 11. e3 a6 12. Bd3 Qc7 13. b4 Be7 14. Bb2 d6 15. O-O Nbd7 16. Ng5 h6 17. Nge4 Rac8 18. Nxf6+ Nxf6 19. Rd2 Qb8 20. Rc1 d5 21.
cxd5 Nxd5 22. Qd1 Nxc3 23. Rxc3 Rxc3 24. Bxc3 Rd8 25. h3 Qa8 26. Qg4 Bf8 27. Bf6 Rd5 28.
e4 Rd7 29. Bc3 Qc8 30. Bf1 Rxd2 31. Bxd2 Qc2 32. Bxh6 Bxe4 33. Be3 b5 34. Qf4 Qb1 35. Bc1 Bd5 36. Kh2 Qa1 37. Be2 Qa2 38. Bf3 Qxf2 39.
Be3 Qe1 40. Bxd5 exd5 41. Bd4 Qe6 42. Qf2 Bd6+ 43. Kg1 Qe4 44. Qd2 Bf4 45. Qc3 f6 46. Kf2 Bg5 47. g3 Qf5+ 48. Kg2 Qe4+ 49. Kf2 Qh1 50.
h4 Qh2+ 51. Kf3 Qh1+ 52. Kg4 Qd1+ 53. Kf5 Bh6 54. Ke6 Qe2+ 55. Kxd5 Qe8 56. Kd6 Qd8+ 57.
Kc6 Qc8+ 58. Kb6 Qe6+ 59. Qc6 Qb3 60. Kxa6 Qa4+ 61. Kb6 Bc1 62. Qxb5 Qxa3 63. Qd5+ Kh7 64. Qe4+ Kg8 65. Bc5 Qxg3 66. Qe8+ Kh7 67. Qh5+ Kg8 68. Qd5+ Kh7 69. h5 Bf4 70. Qf5+ Kg8 71. Qd5+ Kh7 72. b5 Bc7+ 73. Kb7 Bb8 74. b6 Bf4 75. Qf5+ Kg8 76.
Qd5+ Kh7 77. Kc8 Qg4+ 78. Kb7 Bg3 79. Ka7 Qa4+ 80. Kb7 Qg4 81. Kc6 Qa4+ 82. Kb7 Qg4 1/2-1/2

[Event "Late-Titled-Tuesday-Blitz-March-05-2024"]
[Site "Chess.com"]
[Date "2024.03.05"]
[Round "1"]
[White "Actuary44"]
[Black "Hrant_ChessMood"]
[Result "1-0"]
[WhiteElo "2538"]
[BlackElo "2999"]
[TimeControl "180+1"]
[EndTime "14:09:21 PST"]
[Termination "Actuary44 won on time"]

1. e4 c6 2. d4 d5 3. Nc3 dxe4 4. Nxe4 Nf6 5. Ng3 Bg4 6. Be2 h5 7. h3 Bxe2 8. N3xe2 e6 9. Nf3 Nbd7 10. Bg5 Bd6 11. O-O Qc7 12. c4 O-O 13. c5 Be7 14. Ng3 Rfe8 15. Re1 Rad8 16. Nd2 g6 17. Qf3 Nd5 18.
Bxe7 Rxe7 19. Nc4 Qf4 20. Qxf4 Nxf4 21. Nd6 Nf6 22. b4 Red7 23. a4 Rxd6 24. cxd6 Rxd6 25. Ne4 Nxe4 26. Rxe4 Nd5 27. b5 Nf6 28. Rf4 Kg7 29.
Rc1 g5 30. bxc6 bxc6 31. Rf3 Rxd4 32. Rxc6 Rxa4 33. Rc7 a5 34. Ra7 Kg6 35. g3 h4 36.
Kg2 hxg3 37. fxg3 Ra2+ 38. Rf2 Ra1 39. h4 gxh4 40. gxh4 Ra4 41. Kh3 Ra3+ 42. Kg2 Ra4 43. Kh3 Ra3+ 44. Kg2 a4 45. Rf4 Ra2+ 46. Kh3 Ra1 47.
Raxa4 Rh1+ 48. Kg2 Rd1 49. Ra7 Rd2+ 50. Kh3 Rd3+ 51.
Kg2 Rd8 52. Rf3 Rf8 53. Rg3+ Kh7 54. Rf3 Kg6 55. Rg3+ Kf5 56. Rf3+ Ke5 57. Re3+ Ne4 58. Ra4 f5 59. Kf3 Kd5 60. Kf4 e5+ 61. Kf3 Nc5 62. Ra5 Rc8 63. Rc3 Kd4 64. Rcxc5 e4+ 65. Kf4 Re8 66.
Rd5+ Kc3 67. Rac5+ Kb4 68. Rb5+ Kc4 69. Rbc5+ Kb4 70.
Rxf5 e3 71. Rce5 Rh8 72. Re4+ Kc3 73. Kg5 Kd2 74. Rd5+ Ke2 75. Rde5 Rg8+ 76. Kf6 Rg3 77. Rxe3+ Rxe3 78. Rxe3+ Kxe3 79. h5 1-0

[Event "Late-Titled-Tuesday-Blitz-March-05-2024"]
[Site "Chess.com"]
[Date "2024.03.05"]
[Round "1"]
[White "Szparu"]
[Black "db-banana"]
[Result "1-0"]
[WhiteElo "2793"]
[BlackElo "2463"]
[TimeControl "180+1"]
[EndTime "14:09:41 PST"]
[Termination "Szparu won on time"]

1. e4 Nf6 2. e5 Nd5 3. d4 d6 4. c4 Nb6 5. f4 dxe5 6. fxe5 Nc6 7. Be3 Bf5 8. Nc3 e6 9. Be2 Be7 10. Nf3 O-O 11. O-O f6 12. exf6 Bxf6 13. Qd2 Qd7 14. Rad1 Rad8 15. Qc1 Qe7 16. h3 Bg6 17. Kh1 Bh5 18. g4 e5 19. d5 e4 20. Ng1 Ne5 21.
gxh5 Bh4 22. Rxf8+ Rxf8 23. Rf1 Re8 24. b3 Nd3 25.
Qd2 Bg3 26. Bxb6 axb6 27. Bxd3 exd3 28. Qxd3 Bd6 29. Qf3 Qe5 30. Rf2 Rf8 31. Re2 Rxf3 32. Rxe5 Rxc3 33. Re2 Rd3 34. Kg2 b5 35. Nf3 bxc4 36.
bxc4 Rc3 37. Re4 Rc2+ 38. Kf1 Rxa2 39. Nd4 Ra1+ 40. Ke2 Ra2+ 41. Kf3 Ra3+ 42. Kg4 Rg3+ 43. Kh4 g5+ 44. hxg6 hxg6 45. c5 g5+ 46. Kh5 Bxc5 47. Nf5 Rxh3+ 48. Kg6 Kf8 49. Ng7 Be7 50. Ra4 Bd8 51.
Ra8 Ke7 52. Ne6 Rd3 53. Rxd8 c6 54. Rc8 Rxd5 55. Nxg5 Rd1 56. Rc7+ Kd6 57. Rxb7 c5 58.
Kf5 Rd5+ 59. Kf4 Rd1 60. Rb2 c4 61. Rb5 Kc6 62. Ra5 c3 63. Ne4 c2 64. Rc5+ Kd7 65.
Rxc2 Rf1+ 66. Ke5 Ra1 67. Nc5+ Ke7 68. Rh2 Re1+ 69. Ne4 Kd7 70. Rh6 Ra1 71. Nc5+ Kc7 72. Kd5 Rd1+ 73. Kc4 Rc1+ 74. Kb4 Rb1+ 75. Nb3 Kd7 76.
Kc4 Ke7 77. Nd4 Rc1+ 78. Kd5 Kf7 79. Re6 Ra1 80. Re2 Ra5+ 81. Ke4 Ra8 82. Rf2+ Ke7 83. Rh2 Ra1 84. Rf2 Kd6 85. Rf6+ Ke7 86. Rb6 Ra2 87. Ke5 Ra5+ 88. Kf4 Ra1 89. Nf5+ Kd7 90. Rd6+ Kc7 91. Rd2 Ra4+ 92. Ke5 Ra5+ 93. Ke6 Ra6+ 94. Ke7 Kc6 95. Rd6+ Kb5 96. Nd4+ Ka5 97. Rd5+ Kb4 98. Rd8 Kc4 99.
Nf5 Kc3 100. Nd6 Kd2 101. Ke6 Ke2 102. Rb8 Ra5 103. Rb3 Rh5 104. Nf5 Rh1 105. Ng3+ 1-0

[Event "Late-Titled-Tuesday-Blitz-March-05-2024"]
[Site "Chess.com"]
[Date "2024.03.05"]
[Round "1"]
[White "kids2010"]
[Black "rodp92"]
[Result "1/2-1/2"]
[WhiteElo "2800"]
[BlackElo "2483"]
[TimeControl "180+1"]
[EndTime "14:09:51 PST"]
[Termination "Game drawn - insufficient material"]

1. e4 g6 2. d4 c6 3. Nc3 d5 4. e5 Bg7 5. f4 Nh6 6. Nf3 O-O 7. Bd3 Bg4 8. O-O f6 9. Be3 Nf5 10. Bf2 a6 11. h3 Bxf3 12. Qxf3 fxe5 13. dxe5 e6 14.
Rae1 Nd7 15. g4 Ne7 16. Qg2 Rxf4 17. Bg3 Qb6+ 18. Kh1 Rxf1+ 19. Rxf1 Qxb2 20. Ne2 Rf8 21. Nf4 Bxe5 22. Nxe6 Rxf1+ 23. Bxf1 Bxg3 24. Qxg3 Qe5 25. Qxe5 Nxe5 26. Nc5 b5 27. Nxa6 Kf7 28. Nc5 Nc8 29. a4 bxa4 30. Nxa4 Ke7 31. Kg2 Kd6 32. Nc3 Nb6 33.
Kg3 Nbc4 34. Nd1 Nd2 35. Be2 Ne4+ 36. Kf4 Ke6 37. g5 Nd6 38. Ne3 d4 39. Nd1 c5 40.
h4 Kd5 41. h5 c4 42. Nf2 gxh5 43. Bxh5 d3 44. cxd3 cxd3 45. Bd1 Kd4 46. Ng4 Nxg4 47.
Kxg4 Ke3 48. Kh5 Ne4 49. Kh6 Kf4 50. Kxh7 Nxg5+ 51. Kg6 Ne4 52. Kh5 Ke3 53. Ba4 Kd4 54.
Kg4 Ke3 55. Bb3 Nd2 56. Ba4 Nc4 57. Kg3 Nb2 58. Bb3 Kd4 59. Kf2 Kc3 60. Be6 Nc4 61. Bg4 Nd2 62. Bh5 Nb3 63. Ke3 Nd2 64. Bg6 Nc4+ 65.
Kf2 d2 66. Bh5 Nb2 67. Bg4 Nd3+ 68. Ke3 Ne5 69. Bh5 Nc4+ 70. Kf2 Nb2 71. Bg4 Nd3+ 72. Ke3 Ne5 73. Bh5 Nf7 74. Kf2 Ng5 75. Ke3 Nh3 76.
Bg4 Ng5 77. Bh5 Kc2 78. Kf2 Kc1 79. Ke3 Ne6 80. Kf2 Nd4 81. Ke3 Nc2+ 82. Kf2 Nb4 83.
Ke3 Na2 84. Kf2 Nc3 85. Ke3 Nd5+ 86. Kf2 Nf4 87. Bg4 Ne6 88. Ke3 Nc5 89. Kf2 Nb3 90. Ke3 Na1 91. Kf2 Nc2 92. Bh5 Nd4 93. Bg4 Nf5 94. Bh5 Ng7 95. Bg4 Kc2 96. Ke3 Ne6 97. Kf2 Nf4 98. Ke3 Nd3 99. Bh5 Ne1 100. Bg4 Ng2+ 101. Kf2 Nh4 102. Bh5 Nf5 103. Bg4 Ne3 104. Kxe3 Kc1 105. Be2 d1=Q 106. Bxd1 1/2-1/2

[Event "Late-Titled-Tuesday-Blitz-March-05-2024"]
[Site "Chess.com"]
[Date "2024.03.05"]
[Round "1"]
[White "TheAlienParty"]
[Black "jk13"]
[Result "1/2-1/2"]
[WhiteElo "2405"]
[BlackElo "2673"]
[TimeControl "180+1"]
[EndTime "14:09:51 PST"]
[Termination "Game drawn by 50-move rule"]

1. c4 e6 2. Nf3 Nf6 3. e3 d5 4. b3 c6 5. Bb2 Nbd7 6. Bd3 Bd6 7. Qc2 a5 8. h4 a4 9. Ng5 a3 10. Bc3 e5 11. cxd5 cxd5 12. Bf5 Qe7 13. d4 e4 14. Nd2 h6 15. Nh3 Nb6 16. Bxc8 Rxc8 17. Rc1 O-O 18. O-O Ng4 19. g3 Nxe3 20.
fxe3 Bxg3 21. Nb1 Qxh4 22. Qg2 Rc6 23. Nf4 Rf6 24. Bb4 Re8 25. Nxa3 Bxf4 26. Rxf4 Rxf4 27. exf4 Qxf4 28. Rf1 Qe3+ 29. Qf2 Qg5+ 30. Qg2 Qxg2+ 31. Kxg2 Rc8 32. Nb5 Rc2+ 33. Rf2 Rxf2+ 34. Kxf2 Nd7 35. a4 f6 36. Bd6 Kf7 37. Nc7 f5 38. b4 g5 39. a5 f4 40. b5 e3+ 41. Ke2 h5 42. a6 bxa6 43. bxa6 Nb6 44. a7 h4 45. Nxd5 Na8 46.
Nxf4 gxf4 47. Bxf4 Ke6 48. Kxe3 Kd5 49. Be5 Kc6 50. Kf3 Kd5 51. Kg4 Nb6 52. Kxh4 Kc6 53. Kg5 Kb7 54. Bb8 Kc6 55. Kf5 Kd5 56. Bc7 Na8 57. Be5 Nb6 58. Kf6 Na8 59. Ke7 Kc6 60.
Kd8 Nb6 61. Bc7 Na8 62. Ba5 Kb5 63. Kc8 Kxa5 64. Kb7 Nb6 65. d5 Kb5 66. d6 Kc5 67. d7 Nxd7 68. a8=Q Ne5 69. Qa5+ Kd4 70. Qd2+ Kc5 71. Qe3+ Kd5 72. Kc8 Nc6 73. Kd7 Ne5+ 74. Ke8 Nc6 75. Qd2+ Kc5 76. Kd7 Ne5+ 77. Kc7 Nc4 78.
Qf2+ Kd5 79. Kb7 Nd6+ 80. Ka6 Nc4 81. Kb5 Ne5 82. Qg2+ Kd4 83. Kb4 Nd3+ 84. Kb3 Nc5+ 85. Kc2 Ne4 86. Qg7+ Kd5 87. Qb7+ Kd4 88. Qb4+ Kd5 89.
Kd3 Nc5+ 90. Ke3 Ne6 91. Qa5+ Kc4 92. Ke4 Nc5+ 93. Ke3 Nb3 94. Qa4+ Kc3 95. Qc6+ Kb4 96. Kd3 Nc5+ 97. Kd2 Nb3+ 98. Kd3 Nc5+ 99. Kd4 Nb3+ 100. Kd5 Nd2 101. Qc5+ Kb3 102. Qb5+ Kc3 103. Qa5+ Kd3 104. Qa3+ Ke2 105. Kd4 Nf3+ 106. Ke4 Nd2+ 107. Kf4 Nf1 108. Qc3 Nd2 109. Qc2 Ke1 110. Ke3 Nf1+ 111. Kf3 Nd2+ 112. Kg2 Ke2 113. Qb2 Kd3 114. Kf2 Ne4+ 115. Kf3 Nd2+ 116. Kf4 Nc4 117. Qb3+ Kd4 118. Qb4 1/2-1/2

[Event "Late-Titled-Tuesday-Blitz-March-05-2024"]
[Site "Chess.com"]
[Date "2024.03.05"]
[Round "1"]
[White "Mikhal867"]
[Black "GianmarcoVaR"]
[Result "1/2-1/2"]
[WhiteElo "2462"]
[BlackElo "2775"]
[TimeControl "180+1"]
[EndTime "14:10:07 PST"]
[Termination "Game drawn by 50-move rule"]

1. d4 Nf6 2. c4 g6 3. f3 Bg7 4.
e4 O-O 5. Nc3 c5 6. d5 e6 7. Bd3 exd5 8. cxd5 d6 9. Nge2 Nbd7 10. O-O a6 11. a4 Rb8 12. Bf4 Qc7 13. h3 c4 14. Bc2 b5 15. axb5 axb5 16. Nd4 Nh5 17.
Be3 b4 18. Ncb5 Qb6 19. Na7 Ne5 20. Nf5 Qc7 21. Nxg7 Nxg7 22. f4 Nd7 23. Nc6 Rb7 24. Ne7+ Kh8 25. Ba4 Nc5 26. Nxc8 Nxa4 27. Rxa4 Rxc8 28.
Bd4 c3 29. f5 c2 30. Qd2 c1=Q 31. Rxc1 Qxc1+ 32. Qxc1 Rxc1+ 33. Kh2 Rc8 34. Ra6 Rd7 35. g4 Kg8 36. Kg3 Rdd8 37. b3 Ne8 38. Kf4 Nc7 39.
Rb6 Rb8 40. Rc6 Nb5 41. Bf6 Rdc8 42. Ra6 Nc7 43. Rxd6 Ne8 44. Ra6 Nxf6 45. Rxf6 Rc3 46. e5 Rxb3 47. e6 fxe6 48. fxe6 Rd3 49. Ke5 b3 50. e7 b2 51. Rb6 Re8 52. d6 Kf7 53.
Rxb2 Re3+ 54. Kd5 Rd3+ 55. Ke5 Re3+ 56. Kd4 R8xe7 57. dxe7 Rxe7 58. Rf2+ Kg7 59. Rf3 Kh6 60. h4 Kg7 61. Kd5 Re1 62. g5 Kg8 63. Rf4 Kg7 64. Re4 Rf1 65. Ke6 Rf5 66. Ke7 Rf7+ 67. Ke8 Rf1 68. Re7+ Kg8 69. Re4 Rf7 70. Kd8 Rf5 71. Kd7 Rd5+ 72. Ke6 Rd1 73. Ke7 Kg7 74. Ke6 Kf8 75. Ke5 Ke7 76. Kf4+ Kd6 77. Kg4 Rf1 78. Re8 Rf7 79. Rh8 Ke5 80. Re8+ Kd4 81. Rd8+ Ke4 82.
Re8+ Kd4 83. Rd8+ Ke3 84. Re8+ Kf2 85. Rd8 Re7 86. Rf8+ Ke3 87. Rd8 Re4+ 88. Kg3 Rd4 89. Re8+ Re4 90. Rf8 Re7 91. Rf6 Kd4 92. Rf4+ Kd5 93.
Rf8 Re3+ 94. Kg4 Re4+ 95. Kg3 Re7 96. Kg4 Ke5 97. Kg3 Rd7 98. Kg4 Rd4+ 99. Kg3 Rd3+ 100.
Kg4 Rd1 101. Kg3 Rg1+ 102. Kh3 Rh1+ 103. Kg3 Ke4 104. Kg4 Rg1+ 105. Kh3 Ra1 106. Kg4 Ra7 107. Re8+ Kd5 108. Re3 Ra4+ 109. Kg3 Re4 110. Rd3+ Ke6 111. Rd8 Kf7 112. Rd7+ 1/2-1/2

[Event "Late-Titled-Tuesday-Blitz-March-05-2024"]
[Site "Chess.com"]
[Date "2024.03.05"]
[Round "1"]
[White "biostatistician"]
[Black "Felix-Rose"]
[Result "1/2-1/2"]
[WhiteElo "2595"]
[BlackElo "2294"]
[TimeControl "180+1"]
[EndTime "14:10:12 PST"]
[Termination "Game drawn by repetition"]

1. d4 d5 2. Nf3 Nf6 3. c4 e6 4. Bg5 Be7 5. e3 Nbd7 6. Nc3 h6 7. Bh4 O-O 8. Rc1 c5 9. dxc5 dxc4 10. Bxc4 Nxc5 11.
Qe2 b6 12. O-O Bb7 13. Rfd1 Qe8 14. Nb5 Qc8 15. Bd3 a6 16. Nbd4 Qe8 17. Bb1 Rc8 18. Ne5 Nce4 19. f3 Rxc1 20. Rxc1 Nc5 21. b4 Ncd7 22.
Nec6 Bd6 23. Qd3 Qa8 24. a4 Rc8 25. b5 axb5 26. axb5 Bf8 27. e4 g6 28. Bf2 Nc5 29.
Qe3 Bg7 30. Bg3 Kh7 31. Bf4 Ncd7 32. h4 e5 33. Nxe5 Rxc1+ 34. Qxc1 Nxe5 35. Bxe5 Qd8 36. Qc7 Qxc7 37. Bxc7 Nd7 38. Ne2 Bf6 39. Bd3 Bxh4 40. Bc4 Kg7 41. Kf1 Be7 42. Kf2 Bc5+ 43. Ke1 Kf6 44. Kd2 Ke7 45. Kd3 f6 46. Bg3 Ne5+ 47. Bxe5 fxe5 48. Nc3 h5 49. Bd5 Bc8 50. Bc6 Be6 51.
Nd5+ Bxd5 52. Bxd5 Kf6 53. Bc6 g5 54. Be8 h4 55.
Bh5 Ke7 56. Kc4 Kd6 57. Bg4 Be3 58. Bf5 Bd4 59. Bg4 Bc5 60. Bh3 Bd4 61. Bc8 Bc5 62. Bb7 Bd4 63. Bc6 Bc5 64. Kd3 Bd4 65. Ke2 Ke6 66. Kf1 Kf6 67. Ke1 Ke6 68. Kd2 Kd6 69.
Kd3 Bc5 70. Kc4 Bd4 71. Be8 Bc5 72. Bh5 Be3 73. Bg4 Bf2 74. Kd3 Bg1 75. Ke2 Bc5 76.
Kf1 Be3 77. Bf5 Kc5 78. Bd7 Kd4 79. Ke2 Bf4 80. Bc6 Kc3 81. Kf1 Kd2 82. Kg1 Ke3 83. Kf1 h3 84. gxh3 Kxf3 85. Kg1 Kg3 86. Bd7 Kf3 87. Bf5 Ke3 88. Kg2 Kd4 89. Kf3 Bc1 90. Bd7 Kc5 91. Bc6 Bd2 92. Be8 Bc1 93. Bc6 Kd4 94. Kg4 Kd3 95. Kf5 Bf4 96. Bd7 Kc4 97. Bc6 Kd4 98. Bd7 Ke3 99. Bc6 Kf3 100. Bd7 Kg3 101.
Kf6 Kf3 102. Bf5 Kg2 103. Ke6 Kg3 104. Kd5 Kf3 105. Kc6 Be3 106. Kd5 Bd4 107. Bg4+ Kf4 108. Bf5 Bc5 109. Bg4 Bd4 110. Bf5 Bc5 111. Bg4 Bd4 1/2-1/2

[Event "Late-Titled-Tuesday-Blitz-March-05-2024"]
[Site "Chess.com"]
[Date "2024.03.05"]
[Round "1"]
[White "XDPS"]
[Black "JackRodgers"]
[Result "1/2-1/2"]
[WhiteElo "2900"]
[BlackElo "2515"]
[TimeControl "180+1"]
[EndTime "14:10:19 PST"]
[Termination "Game drawn - insufficient material"]

1. d4 Nf6 2. Bf4 c5 3. e3 e6 4.
Nf3 Be7 5. Nbd2 O-O 6. Bd3 Nc6 7. c3 b6 8. O-O Bb7 9. Re1 d5 10. Ne5 Rc8 11. Qf3 Nd7 12. Qh3 f5 13. Ndf3 Ncxe5 14. Nxe5 Nxe5 15. Bxe5 Bd6 16. Qg3 Bxe5 17. Qxe5 Qf6 18.
Qxf6 Rxf6 19. Bb5 Bc6 20. Bf1 f4 21. Rad1 fxe3 22. Rxe3 cxd4 23. Rxd4 Re8 24. f4 Kf7 25. g3 b5 26. Bd3 g6 27. h4 Ke7 28. Re5 Kd6 29. Bc2 a5 30. a3 Kc5 31. h5 gxh5 32. Rxh5 h6 33. Re5 Rg8 34. Kf2 Be8 35. Bd3 Bg6 36. Be2 Bf5 37. Re3 Rf7 38. Rd1 Rf6 39. Rh1 Rb8 40. b4+ axb4 41. axb4+ Kd6 42. Ra1 Rb6 43. Ra7 Rg6 44. Re5 Kc6 45. Bf3 Kd6 46. Re3 Rf6 47. g4 Bc2 48. Kg3 Rg6 49. Ra8 Rb7 50.
Rd8+ Rd7 51. Rb8 Rdg7 52. Rb6+ Kd7 53. Rxb5 Bf5 54. Rb7+ Kc6 55. Rxg7 Rxg7 56. c4 Kd6 57. cxd5 exd5 58. Re5 Be6 59. Rh5 d4 60. Rxh6 Ke7 61. f5 Bxf5 62. b5 d3 63. b6 d2 64. Rh2 Bxg4 65.
Re2+ Kf6 66. Rxd2 Bxf3+ 67. Kxf3 Rb7 68. Rd6+ Ke5 69. Rh6 Kd5 70. Ke3 Kc5 71. Kd3 Rxb6 72. Rh5+ Kc6 73. Kc4 Kb7 74. Kc5 Ka6 75. Rh4 Rb5+ 76.
Kc4 Ka5 77. Rh1 Rb4+ 78. Kc5 Rb5+ 79. Kc4 Rb4+ 80. Kc3 Rb5 81. Rh4 Kb6 82. Kc4 Ka5 83. Rh8 Rb4+ 84. Kc3 Rb5 85. Rc8 Kb6 86. Kc4 Ra5 87.
Rh8 Ra4+ 88. Kd5 Ra5+ 89. Kc4 Rc5+ 90. Kb4 Rc6 91. Rh7 Rf6 92. Rh4 Rc6 93. Rg4 Rd6 94. Rf4 Kc6 95. Kc4 Re6 96. Rf5 Kd6 97. Ra5 Ke7 98.
Kd5 Kf6 99. Ra3 Re5+ 100. Kd4 Rf5 101. Ke4 Re5+ 102. Kf4 Rf5+ 103. Kg4 Rg5+ 104. Kh4 Re5 105. Ra6+ Kf5 106. Ra3 Re4+ 107. Kh5 Kf4 108. Kg6 Re6+ 109. Kf7 Re4 110. Ra5 Re5 111. Rxe5 Kxe5 1/2-1/2

[Event "Late-Titled-Tuesday-Blitz-March-05-2024"]
[Site "Chess.com"]
[Date "2024.03.05"]
[Round "2"]
[White "IMRosen"]
[Black "MaiqMaster"]
[Result "1-0"]
[WhiteElo "2672"]
[BlackElo "2323"]
[TimeControl "180+1"]
[EndTime "14:12:01 PST"]
[Termination "IMRosen won by resignation"]

1. d4 d5 2. Bf4 Nf6 3. e3 g6 4.
Nc3 Bg7 5. h4 h5 6. Nf3 O-O 7.
Ne5 c5 8. dxc5 Qa5 9. Qd2 Qxc5 10. Na4 Qd6 11. Nxg6 Qd7 12. Nc5 Qc6 13. Nxe7+ 1-0